 Dungeon Crawl Stone Soup version 0.31.0-11-ge490571c62 (webtiles) character file.

Game seed: 11774332612515202381

52 Flugkiller the Chiller (level 3, -4/16 HPs)
             Began as a Vine Stalker Ice Elementalist on Feb 3, 2024.
             Slain by an ogre
             ... wielding a +0 giant club
              (6 damage)
             ... on level 3 of the Dungeon.
             The game lasted 00:01:41 (576 turns).

Flugkiller the Chiller (VSIE)                        Turns: 576, Time: 00:01:41

Health: -4/16      AC:  2    Str: 10    XL:     3   Next: 85%
Magic:  0/8        EV: 12    Int: 17    God:
Gold:   22         SH:  0    Dex: 14    Spells: 4/8 levels left

rFire   . . .        h - +0 long sword
rCold   . . .        (no shield)
rNeg    . . .        a - +0 robe
rPois   .            (no helmet)
rElec   .            (no cloak)
rCorr   .            (no gloves)
SInv    .            (no boots)
Will    .....        (no amulet)
Stlth   ++           (no ring)
HPRegen 1.02/turn    (no ring)
MPRegen 0.11/turn

%: guardian spirit
@: freezing walls
A: fangs 2, regeneration 1, magic shield, antimagic bite, no potion heal 2
a: no special abilities


You were on level 3 of the Dungeon.
You visited 1 branch of the dungeon, and saw 3 of its levels.

You collected 22 gold pieces.

Inventory:

Hand Weapons
 c - a +0 dagger
   (You took it off a kobold on level 1 of the Dungeon)
 g - a +0 hand axe of flaming
   (You took it off an orc on level 3 of the Dungeon)
 h - a +0 long sword (weapon)
   (You found it on level 3 of the Dungeon)
Armour
 a - a +0 robe (worn)
Scrolls
 e - a scroll of identify {unknown}
Potions
 b - a potion of magic
 d - a potion of curing {unknown}
 f - a potion of mutation {unknown}


   Skills:
 - Level 1.5 Dodging
 - Level 2.4 Stealth
 + Level 3.3 Spellcasting
 + Level 4.7 Ice Magic


You had 4 spell levels left.
You knew the following spells:

 Your Spells              Type           Power      Damage    Failure   Level
a - Freeze                Ice            72%        1d8       2%          1
b - Frozen Ramparts       Ice            36%        1d6       8%          3

Your spell library contained the following spells:

 Spells                   Type           Power      Damage    Failure   Level
 Ozocubu's Armour         Ice            18%        N/A       8%          3
 Summon Ice Beast         Ice/Summ       10%        N/A       19%         3
 Cigotuvi's Dreadful Rot  Necr/Alch/Air  4%         N/A       26%         2
 Dispel Undead            Necr           2%         3d7       86%         4
 Martyr's Knell           Necr/Summ      2%         N/A       86%         4
 Death Channel            Necr           1%         N/A       100%        6


Dungeon Overview and Level Annotations

Branches:
Dungeon (3/15) Zot: 17419

Altars:


Innate Abilities, Weirdness & Mutations

You have extremely sharp teeth.
Your natural rate of healing is unusually fast.
When hurt, damage is shared between your health and your magic reserves.
Your bite disrupts and absorbs the magic of your enemies.
Potions cannot restore your health.


Message History

You completely miss the hobgoblin. Your bite misses the hobgoblin.
The hobgoblin is heavily wounded.
The wall freezes the hobgoblin.
The hobgoblin hits you but does no damage.
The wall freezes the hobgoblin.
You kill the hobgoblin!
The frozen ramparts melt away as you move.
You see here a hobgoblin corpse.
Things that are here:
a +0 sling; a +0 dagger; a goblin corpse You now have 22 gold pieces (gained 6).
There is a stone staircase leading up here.
You climb upwards.
Found a whip.
There is a stone staircase leading down here.
You climb downwards.
There is a stone staircase leading up here.
A bat comes into view.
The helpless bat fails to defend itself.
You hit the bat. Your bite misses the bat.
The bat is moderately wounded.
The bat barely misses you. The bat hits you but does no damage.
The bat hits you but does no damage.
A bat comes into view.
Found a trident.
The bat barely misses you. The bat hits you but does no damage.
Casting: Frozen Ramparts (extremely dangerous; 8% risk of failure)
Confirm with . or Enter, or press ? or * to list all spells.
The walls around you are covered in ice.
The wall freezes the bat. x2; The bat closely misses you.
The wall freezes the bat.
You kill the bat!
The wall freezes the bat.
The bat completely misses you.
The wall freezes the bat.
You kill the bat!
The frozen ramparts melt away as you move.
A ball python comes into view.
Found a leather armour.
The ball python hisses angrily.
Found a trident.
Casting: Frozen Ramparts (extremely dangerous; 8% risk of failure)
Confirm with . or Enter, or press ? or * to list all spells.
The walls around you are covered in ice.
The wall freezes the ball python.
You kill the ball python!
Unknown command.
The frozen ramparts melt away as you move.
A frilled lizard comes into view.
The frilled lizard hisses angrily.
The frilled lizard moves out of view.
Unknown command.
You see here a +0 trident.
The frilled lizard unfolds its giant frill.
You slash the frilled lizard!
You kill the frilled lizard!
You see here a frilled lizard corpse.
No target in view!
Magic restored.
A goblin comes into view. It is wielding a +0 dagger.
The goblin shouts!
You hear a shout! x2
The goblin unwields a +0 dagger.
The goblin wields a +0 sling.
The goblin shoots a sling bullet.
The sling bullet completely misses you.
The goblin shoots a sling bullet.
The sling bullet closely misses you.
An orc comes into view. It is wielding a +0 whip.
The goblin shoots a sling bullet.
The sling bullet closely misses you.
The orc moves out of view.
An orc comes into view. It is wielding a +0 short sword.
An ogre comes into view. It is wielding a +0 giant club.
The goblin shoots a sling bullet.
The sling bullet hits you but does no damage.
The goblin shoots a sling bullet.
The sling bullet closely misses you.
The goblin shoots a sling bullet.
The sling bullet hits you.
The goblin shoots a sling bullet.
The sling bullet closely misses you.
Unknown command.
The goblin shoots a sling bullet.
The sling bullet hits you.
Unknown command.
The goblin shoots a sling bullet.
The sling bullet misses you. The orc barely misses you.
Casting: Frozen Ramparts (extremely dangerous; 8% risk of failure)
Confirm with . or Enter, or press ? or * to list all spells.
The walls around you are covered in ice.
The wall freezes the orc!
You kill the orc!
The wall freezes the ogre but does no damage.
The wall freezes the goblin.
You kill the goblin!
You hit the ogre.
The ogre is lightly wounded.
The wall freezes the ogre.
The ogre hits you with a +0 giant club!!
Ouch! That really hurt!
* * * LOW HITPOINT WARNING * * *
Casting: Frozen Ramparts (extremely dangerous; 8% risk of failure)
Confirm with . or Enter, or press ? or * to list all spells.
You don't have enough magic to cast this spell.
You slash the ogre!
The ogre is severely wounded.
The wall freezes the ogre.
The ogre hits you with a +0 giant club.
You die...

#.....##...####...
####.....### ###
#.........##
#.#######..# #.# ##.#
# #.# #.## # #.#
####..# ##. #.#
#...#.## #.. #@#
#......###.# #O#
#......†.).. #..)?.#
#....#.#....#
#.........####.......
#......### .....#####
#.....## #..###
......# ...# #......#
.## #.O..... .#


You could see an ogre.

Vanquished Creatures
  5 orcs
  5 bats
  2 endoplasms (D:1)
  A giant cockroach (D:1)
  5 goblins
  6 hobgoblins
  8 jackals
  3 ball pythons
  3 frilled lizards
  2 kobolds (D:1)
  2 rats (D:1)
42 creatures vanquished.

Notes
Turn   | Place    | Note
-------+----------+-------------------------------------------
     0 | D:1      | Flugkiller the Vine Stalker Ice Elementalist began the
                  | quest for the Orb.
     0 | D:1      | Reached XP level 1. HP: 9/9 MP: 4/4
   169 | D:1      | Reached XP level 2. HP: 13/13 MP: 2/6
   330 | D:1      | Reached XP level 3. HP: 16/16 MP: 5/8
   341 | D:1      | Learned a level 3 spell: Frozen Ramparts
   565 | D:3      | Noticed an ogre
   576 | D:3      | Slain by an ogre

Illustrated notes

Levels and vault maps discovered:
D:1:      amcnicky_arrival_single_pillar, layout_basic
D:2:      minmay_chambers_of_ones, layout_basic, uniq_robin
D:3:      layout_rooms, st_stairs_6

Skill      XL: |  1  2  3 |
---------------+----------+-----
Spellcasting   | 3 |  3.3
Dodging        | |  1.5
Stealth        | |  2.4
Ice Magic      | |  4.7

Action                     || total
---------------------------++-------
  Melee: Unarmed           ||    33
         Bite              ||    14
         Dagger            ||    39
         Punch             ||     1
         Long sword        ||     5
   Cast: Freeze            ||    15
         Frozen Ramparts   ||     7
   Stab: Sleeping          ||     1
 Armour: Robe              ||    63
  Dodge: Dodged            ||    87
